 Dungeon Crawl Stone Soup version 0.21-a0-633-g4c047d5f35 (webtiles) character file.

3657 krabocopter the Destroyer (level 9, -8/81 HPs)
             Began as a Deep Elf Conjurer on Dec 27, 2017.
             Was a Believer of Vehumet.
             Mangled by Erica
             ... wielding a +4 scimitar of flaming
              (11 damage)
             ... on level 8 of the Dungeon on Dec 28, 2017.
             The game lasted 00:34:09 (7635 turns).

krabocopter the Destroyer (Deep Elf Conjurer)       Turns: 7635, Time: 00:34:10

Health: -8/81      AC:  9    Str: 12    XL:     9   Next: 88%
Magic:  21/21      EV: 22    Int: 22    God:    Vehumet [**....]
Gold:   378        SH:  0    Dex: 20    Spells: 11/22 levels left

rFire    + + .     SeeInvis .   j - +1 dagger (venom)
rCold    + . .     Gourm    .   (no shield)
rNeg     + . .     Faith    .   u - +2 robe
rPois    +         Spirit   .   m - +2 helmet
rElec    +         Reflect  .   r - +1 cloak
rCorr    +         Harm     .   (no gloves)
MR       .....                  (no boots)
Stlth    ..........             (no amulet)
HPRegen  0.23/turn              y - ring "Nununymp" {rF+ rN+}
MPRegen  0.17/turn              (no ring)

@: confused, mighty, agile, berserking, resistant, hasted, very quick
A: no striking features
a: Renounce Religion


You were on level 8 of the Dungeon.
You worshipped Vehumet.
Vehumet was pleased with you.
You were not hungry.

You visited 1 branch of the dungeon, and saw 8 of its levels.

You collected 378 gold pieces.

Inventory:

Hand Weapons
 j - a +1 dagger of venom (weapon)
 p - a +1 quarterstaff of protection
Armour
 m - a +2 helmet (worn)
 r - a +1 cloak (worn)
 u - a +2 robe (worn)
 D - a +0 buckler
Jewellery
 y - the ring "Nununymp" (left hand) {rF+ rN+}
   (You found it on level 6 of the Dungeon)

   [ring of positive energy]

   It protects you from fire.
   It protects you from negative energy.
Wands
 l - a wand of disintegration (10)
 s - a wand of digging (23)
 x - a wand of enslavement (38)
Scrolls
 d - a scroll of immolation {unknown}
 e - a scroll of identify
 i - 3 scrolls of teleportation
 t - 7 scrolls of remove curse
 v - a scroll of blinking {unknown}
 w - 4 scrolls of magic mapping
 A - a scroll of enchant armour
Potions
 a - a potion of might
 g - 3 potions of lignification
 h - 2 potions of mutation
 k - a potion of flight
Books
 b - a book of Conjurations

   Spells                             Type                      Level
   a - Magic Dart                     Conjuration                  1
   b - Searing Ray                    Conjuration                  2
   c - Dazzling Spray                 Conjuration/Hexes            3
   d - Fulminant Prism                Conjuration/Hexes            4
   e - Force Lance                    Conjuration/Translocation    4
   f - Iskenderun's Mystic Blast      Conjuration                  4
Comestibles
 c - 12 rations


   Skills:
 + Level 5.5 Fighting
 - Level 6.2 Dodging
 - Level 2.4 Stealth
 - Level 7.0 Spellcasting
 + Level 11.1 Conjurations
 + Level 5.8 Hexes


You had 11 spell levels left.
You knew the following spells:

 Your Spells              Type           Power        Failure   Level  Hunger
a - Magic Dart            Conj           ####         1%          1    None
b - Searing Ray           Conj           ######       1%          2    None
c - Iskenderun's Mystic   Conj           ######..     1%          4    ###....
d - Fulminant Prism       Conj/Hex       #####.....   2%          4    ###....


Dungeon Overview and Level Annotations

Branches:
Dungeon (8/15)             Temple (0/1) D:7
   Lair: D:8-11

Altars:
Dithmenos
Elyvilon
Fedhas
Kikubaaqudgha
Makhleb
Okawaru
Qazlal
Sif Muna
Uskayaw
Vehumet
Wu Jian
Xom
Zin

Shops:
D:4 =

Annotations:
D:3 Grinder
D:4 dricus's ghost, amateur MfTm
D:7 exclusion: 2 killer bees, Menkaure
D:8 2 transporters, Erica


Message History

Something tries to affect you, but you resist.
MP restored: 21 You feel very mighty all of a sudden.
You're too confused to cast spells.
Unknown command.
Unknown command.
You're too confused!
Unknown command.
You feel agile all of a sudden. Something hits you!
* * * LOW HITPOINT WARNING * * *
Something burns you.
* * * LOW HITPOINT WARNING * * *
You take 12 damage, and have 2/54 hp.
MASSIVE DAMAGE!!
Okay, then.
A red film seems to cover your vision as you go berserk!
You feel yourself moving faster!
You feel mighty!
You now have 3/81 hp.
You hit something. Something hits you!
You die...

#.# #............#
#.# #####.........
#.# #.........
#.############....
#............'....
#.############....
#.# #.... #{#
#)... #@# #....
#.# ##### #+#


There were no monsters in sight!

Vanquished Creatures
  The ghost of Wizop the Destroyer, a novice TeCj of Vehumet (D:8)
  Pikel (D:4)
  2 hungry ghosts
  2 ice beasts
  A black bear (D:7)
  A slave (D:4)
  4 ogres
  4 centaurs
  A big kobold (D:8)
  3 bullfrogs
  A gnoll sergeant (D:7)
  A scorpion (D:7)
  8 wights
  A howler monkey (D:6)
  3 crimson imps
  A centaur zombie (D:8)
  An orc priest (D:6)
  2 bullfrog skeletons (D:6)
  5 orc wizards
  An iguana (D:8)
  4 worker ants
  A hound skeleton (D:7)
  A howler monkey zombie (D:7)
  A worker ant zombie (D:5)
  3 gnolls (D:7)
  9 adders
  A shadow imp (D:7)
  3 oozes
  An adder zombie (D:5)
  2 worms
  3 dart slugs
  4 leopard geckos
  23 orcs
  5 bats
  5 giant cockroaches
  A goblin (D:2)
  7 hobgoblins
  13 kobolds
  A quokka (D:8)
  4 frilled lizards
  A jackal skeleton (D:8)
  A leopard gecko skeleton (D:5)
  8 rats
146 creatures vanquished.

Vanquished Creatures (others)
  A dart slug (D:4)
  10 fulminant prisms
11 creatures vanquished.

Grand Total: 157 creatures vanquished

Notes
Turn   | Place    | Note
-------+----------+-------------------------------------------
     0 | D:1      | krabocopter the Deep Elf Conjurer began the quest for the Orb.
     0 | D:1      | Reached XP level 1. HP: 10/10 MP: 6/6
   319 | D:1      | Reached XP level 2. HP: 15/15 MP: 6/8
   470 | D:2      | Reached skill level 5 in Conjurations
   649 | D:2      | Found a glowing silver altar of Zin.
   812 | D:2      | Reached XP level 3. HP: 19/19 MP: 7/9
   947 | D:2      | Found an ancient bone altar of Kikubaaqudgha.
  1236 | D:2      | Upgraded the game from 0.21-a0-632-g1e37ce5188 to 0.21-a0-633-g4c047d5f35
  1269 | D:3      | Learned a level 2 spell: Searing Ray
  1517 | D:3      | Found a shimmering altar of Xom.
  1695 | D:3      | Reached skill level 6 in Conjurations
  1695 | D:3      | Reached XP level 4. HP: 18/24 MP: 4/10
  1939 | D:3      | Noticed an ogre
  1947 | D:3      | Killed an ogre
  1947 | D:3      | Reached skill level 7 in Conjurations
  1947 | D:3      | Reached XP level 5. HP: 28/28 MP: 3/11
  2009 | D:3      | Noticed Grinder
  2124 | D:3      | Found a hide-covered altar of Uskayaw.
  2381 | D:4      | Noticed an ogre
  2408 | D:4      | Found a radiant altar of Vehumet.
  2410 | D:4      | Found an ornate altar of the Wu Jian Council.
  2417 | D:4      | Became a worshipper of Vehumet
  2644 | D:4      | Found Ciesol's Jewellery Emporium.
  2676 | D:4      | Noticed a slave
  2703 | D:4      | Noticed a slave
  2703 | D:4      | Noticed a slave
  2726 | D:4      | Killed a slave
  3041 | D:4      | Noticed Pikel
  3041 | D:4      | Noticed a slave
  3079 | D:4      | Killed Pikel
  3079 | D:4      | Reached skill level 9 in Conjurations
  3079 | D:4      | Reached XP level 6. HP: 32/32 MP: 2/12
  3079 | D:4      | Reached XP level 7. HP: 36/36 MP: 2/13
  3206 | D:4      | Reached skill level 10 in Conjurations
  3212 | D:4      | Learned a level 4 spell: Iskenderun's Mystic Blast
  3360 | D:4      | Found a shadowy altar of Dithmenos.
  3603 | D:4      | Reached skill level 1 in Fighting
  3687 | D:4      | Noticed dricus's ghost (amateur MfTm)
  3688 | D:4      | Found a deep blue altar of Sif Muna.
  3709 | D:5      | Entered Level 5 of the Dungeon
  3865 | D:5      | Found a stormy altar of Qazlal.
  4031 | D:5      | Reached * piety under Vehumet
  4031 | D:5      | Offered knowledge of Shock by Vehumet.
  4060 | D:5      | Found a white marble altar of Elyvilon.
  4105 | D:5      | Reached XP level 8. HP: 19/44 MP: 10/16
  4635 | D:6      | Got a faintly glowing pewter ring
  4656 | D:6      | Identified the ring "Nununymp" {rF+ rN+} (You found it on level 6 of the Dungeon)
  4690 | D:6      | Reached skill level 5 in Spellcasting
  4849 | D:6      | Reached skill level 5 in Dodging
  5251 | D:6      | Found a glowing drain.
  5312 | D:6      | Found a burning altar of Makhleb.
  5958 | D:7      | Reached XP level 9. HP: 52/52 MP: 15/21
  5964 | D:7      | Learned a level 4 spell: Fulminant Prism
  5978 | D:7      | Found an iron altar of Okawaru.
  6046 | D:7      | Reached skill level 1 in Hexes
  6420 | D:7      | Found a staircase to the Ecumenical Temple.
  6426 | D:7      | Offered knowledge of Throw Frost by Vehumet.
  6592 | D:7      | Reached ** piety under Vehumet
  6662 | D:7      | Found a blossoming altar of Fedhas.
  6796 | D:7      | Noticed Menkaure
  7150 | D:8      | Noticed Wizop's ghost (novice TeCj)
  7157 | D:8      | Killed Wizop's ghost
  7157 | D:8      | Reached skill level 5 in Fighting
  7157 | D:8      | Reached skill level 5 in Hexes
  7272 | D:8      | Found a transporter.
  7369 | D:8      | Offered knowledge of Throw Flame by Vehumet.
  7369 | D:8      | Reached skill level 11 in Conjurations
  7543 | D:8      | Found a transporter.
  7546 | D:8      | Found the +2 pair of boots of the Assassin {Detection Stab+ Stlth++}
  7584 | D:8      | Noticed Erica
  7633 | D:8      | HP: 2/54 [something (1)]
  7635 | D:8      | Mangled by Erica

Vault maps used:
D:1:      erik_arrival_blinker_ship, minivault_11
D:2:      lemuel_doored_altar, lemuel_zombie_altar_kikubaaqudgha
D:3:      minmay_wonky_spiral, nicolae_overflow_crystal_walls,
          lemuel_coloured_pillars_altar, first_ration, uniq_grinder
D:4:      kennysheep_little_box, grunt_temple_overflow_open,
          nicolae_dithmenos_the_darkroom, serial_shops, shop_statue,
          mrwooster_statue_mirror, uniq_pikel
D:5:      lemuel_crystal_altar, grunt_qazlal_clouds
D:6:      makhleb_grotto_becter, serial_corexii_hall, corexii_hall_statues_l,
          corexii_hall_statues_x, corexii_hall_statues_i,
          corexii_hall_statues_t, portal_sewer_entry_e
D:7:      okawaru_trees_2, nicolae_tso_carved_into_rock, kennysheep_mini_moat,
          minmay_temple_entry_junction_2, uniq_menkaure
D:8:      gammafunk_cloud_chamber, uniq_erica

Skill      XL: |  1  2  3  4  5  6  7  8  9 |
---------------+----------------------------+-----
Conjurations   | 5 6 7 9 10 11 | 11.1
Dodging        | 3 6 |  6.2
Fighting       | 1 3 5 |  5.5
Spellcasting   | 4 7 |  7.0
Hexes          | 5 |  5.8
Stealth        | |  2.4

Action                   |  1- 3 |  4- 6 |  7- 9 || total
-------------------------+-------+-------+-------++-------
Melee: Quarterstaff      |     6 |     1 |       ||     7
       Dagger            |     1 |    12 |   106 ||   119
 Cast: Magic Dart        |    74 |    31 |   219 ||   324
       Searing Ray       |     1 |     8 |    27 ||    36
       Iskenderun's Myst |       |       |     3 ||     3
       Fulminant Prism   |       |       |    10 ||    10
  Use: Potion            |       |     1 |    10 ||    11
       Scroll            |       |       |    11 ||    11
 Stab: Sleeping          |     1 |       |     3 ||     4
  Eat: Chunk             |     2 |       |    14 ||    16
       Ration            |       |     2 |     1 ||     3
Armor: Robe              |     2 |     3 |    57 ||    62
       Skin              |       |    13 |       ||    13
Dodge: Dodged            |     7 |    10 |   130 ||   147

Table legend:
 A = Spawn XP
 B = Non-spawn XP
 C = Spawn XP percentage of total XP
 D = Spawn monster count
 E = Non-spawn monster count
 F = Spawn count percentage of total count
 G = Total turns spent on level
                    A         B        C        D         E        F      G
               +---------+---------+-------+---------+---------+-------+---------
         Total |       0 |    5225 |   0.0 |       0 |     145 |   0.0 |  7635
               +---------+---------+-------+---------+---------+-------+---------
           D:1 |       0 |      13 |   0.0 |       0 |       8 |   0.0 |   467
           D:2 |       0 |      49 |   0.0 |       0 |      22 |   0.0 |   957
           D:3 |       0 |     240 |   0.0 |       0 |      17 |   0.0 |   981
           D:4 |       0 |     902 |   0.0 |       0 |      21 |   0.0 |  1332
           D:5 |       0 |     382 |   0.0 |       0 |      13 |   0.0 |   840
           D:6 |       0 |    1099 |   0.0 |       0 |      20 |   0.0 |  1316
           D:7 |       0 |     895 |   0.0 |       0 |      22 |   0.0 |   919
           D:8 |       0 |    1645 |   0.0 |       0 |      22 |   0.0 |   823
               +---------+---------+-------+---------+---------+-------+---------
